Map: Ascension to Aiur LE

Players

PiG - Winner!

  • Race: Zerg Zerg
  • League: Grandmaster
  • Spawn Location: 11:00

IIIIIIIIIIII

  • Race: Terran Terran
  • League: Grandmaster
  • Spawn Location: 5:00

VOD

https://www.youtube.com/watch?v=ZoRYF8gp5Cc

Description

Time

  • Played on: June 7, 2017, 7:03 p.m.
  • Length: 15:13
Show
View Real Time Build Order
Export as new Build Order

PiG Zerg - Winner!

Build Orders: Hatch First 

Get SALT Encoding   

  12  0:01  Drone  
  13  0:13  Overlord  
  13  0:18  Drone  
  14  0:31  Drone  
  14  0:32  Drone  
  16  0:38  Drone  
  17  0:52  Hatchery  
  17  0:55  Drone  
  17  0:58  Drone  
  18  1:09  Extractor  
  17  1:13  Spawning Pool  
  17  1:15  Drone  
  17  1:20  Drone  
  18  1:30  Drone  
  19  1:39  Overlord  
  19  1:52  Drone  
  20  1:59  Queen  
  23  2:01  Zergling x2  
  23  2:03  Queen  
  23  2:04  Zergling x2  
  26  2:10  Metabolic Boost  
  26  2:12  Drone  
  27  2:16  Drone  
  29  2:22  Zergling x2  
  29  2:28  Drone  
  30  2:36  Drone x2  
  32  2:39  Queen  
  34  2:51  Drone  
  34  2:56  Overlord  
  35  3:03  Overlord  
  35  3:10  Drone  
  36  3:15  Overlord  
  36  3:16  Drone x7  
  43  3:22  Hatchery  
  42  3:28  Roach Warren  
  42  3:33  Drone  
  42  3:36  Drone x2  
  42  3:39  Drone  
  45  3:43  Drone  
  46  3:50  Extractor, Drone x3  
  46  3:51  Extractor  
  46  3:52  Drone x3  
  50  4:02  Overlord  
  50  4:04  Queen  
  50  4:08  Drone  
  50  4:09  Drone  
  54  4:14  Overlord  
  54  4:16  Roach x3  
  60  4:24  Roach x4  
  68  4:33  Spore Crawler  
  68  4:35  Spore Crawler  
  68  4:36  Roach x2  
  67  4:45  Spore Crawler, Evolution Chamber  
  67  4:46  Drone x3, Evolution Chamber  
  70  4:58  Drone x9  
  79  5:03  Extractor, Lair  
  78  5:08  Drone x3  
  81  5:17  Zerg Missile Weapons Level 1, Zerg Ground Armor Level 1  
  81  5:24  Overlord x3  
  81  5:37  Extractor  
  81  5:39  Drone x2  
  81  5:42  Extractor, Overlord x2  
  81  5:43  Drone  
  81  5:44  Drone x2  
  81  5:45  Drone x5  
  89  5:50  Drone x2  
  91  6:06  Glial Reconstitution  
  91  6:08  Drone  
  91  6:09  Infestation Pit, Roach x3  
  91  6:10  Roach x6  
  109  6:12  Drone  
  110  6:21  Roach x6  
  122  6:35  Overseer  
  122  6:38  Overlord x2  
  122  6:39  Hatchery, Overlord x3  
  121  6:42  Overlord  
  121  6:45  Pathogen Glands  
  121  6:46  Overseer  
  121  7:00  Roach x8  
  137  7:01  Ravager x3  
  137  7:02  Ravager  
  137  7:03  Ravager  
  137  7:08  Overlord x3  
  142  7:15  Roach x4  
  146  7:24  Zerg Missile Weapons Level 2  
  146  7:26  Zerg Ground Armor Level 2  
  146  7:30  Drone x2  
  146  7:36  Extractor, Overlord  
  147  7:40  Extractor  
  146  7:58  Drone  
  146  7:59  Drone x3  
  146  8:00  Drone x2  
  146  8:03  Infestor x4  
  160  8:07  Roach  
  160  8:08  Roach  
  164  8:16  Roach x5  
  174  8:27  Roach x5  
  174  8:33  Infestor  
  186  8:40  Roach x6  
  192  8:56  Burrow  
  192  8:59  Ravager x4  
  159  9:27  Roach x3  
  159  9:28  Roach x6  
  164  9:34  Roach x8  
  178  9:40  Roach x7  
  182  9:51  Roach x3  
  171  10:06  Infestor x3  
  158  10:13  Roach x5  
  155  10:23  Infestor x2  
  155  10:25  Roach x3  
  155  10:28  Queen  
  167  10:33  Overlord x2  
  167  10:51  Ravager x3  
  164  11:07  Roach x7  
  164  11:10  Hive  
  178  11:13  Zerg Melee Weapons Level 1  
  178  11:26  Extractor  
  178  11:27  Hatchery  
  178  11:28  Drone x7, Spine Crawler  
  178  11:29  Spore Crawler  
  178  11:30  Ravager x2, Spine Crawler  
  178  11:31  Extractor, Ravager x3  
  172  11:41  Roach x11  
  182  11:59  Drone  
  182  12:00  Drone x2  
  181  12:14  Roach x7  
  195  12:22  Ravager x5  
  200  12:26  Ultralisk Cavern, Spire  
  144  12:59  Roach x10  
  144  13:00  Roach  
  141  13:07  Roach x2  
  141  13:08  Roach x8  
  146  13:13  Chitinous Plating  
  137  13:22  Ultralisk x5  
  167  13:30  Zergling x10  
  172  13:44  Infestor x3  
  176  13:49  Zergling x24  
  176  13:51  Ultralisk  
  191  14:03  Baneling Nest  
  188  14:15  Zergling x8  
  188  14:16  Zergling x10  
  188  14:29  Ultralisk x3  
  188  14:30  Ultralisk  
Show
View Real Time Build Order
Export as new Build Order

IIIIIIIIIIII Terran 

Build Orders: Reaper Expand, MMM Bio 

Get SALT Encoding   

  12  0:00  SCV  
  13  0:13  SCV  
  14  0:18  Supply Depot  
  14  0:25  SCV  
  15  0:39  SCV  
  15  0:41  Barracks  
  16  0:45  Refinery  
  16  0:51  SCV  
  17  1:03  SCV  
  18  1:16  SCV  
  19  1:28  Orbital Command, Reaper  
  20  1:40  Command Center  
  20  1:51  Supply Depot  
  21  1:54  SCV  
  21  2:00  Marine  
  22  2:06  SCV  
  22  2:07  Factory  
  23  2:18  SCV  
  24  2:23  Barracks Reactor  
  24  2:30  SCV  
  25  2:42  SCV  
  26  2:51  Command Center  
  26  2:53  Orbital Command  
  26  2:54  SCV  
  26  3:03  Hellion x2  
  26  3:05  Barracks Tech Lab  
  30  3:07  SCV  
  31  3:19  SCV x2  
  33  3:23  Marine  
  33  3:24  Hellion  
  33  3:25  Hellion  
  38  3:31  SCV x2  
  40  3:41  Marine  
  41  3:45  SCV  
  42  3:50  SCV  
  42  3:52  Barracks x2  
  42  3:54  Factory Reactor  
  43  3:57  SCV  
  43  3:58  Marine  
  43  4:02  SCV, Refinery  
  46  4:03  Orbital Command  
  46  4:07  Starport  
  46  4:09  SCV  
  47  4:13  Refinery  
  47  4:16  Marine  
  48  4:17  SCV  
  48  4:21  SCV  
  48  4:23  Supply Depot  
  50  4:26  Supply Depot  
  50  4:29  SCV x2  
  52  4:34  SCV  
  52  4:40  Factory Reactor  
  52  4:42  SCV x2  
  53  4:48  SCV  
  53  4:50  Marine x3, Stimpack  
  57  4:54  Marine x2, SCV  
  57  4:57  Supply Depot, Starport Reactor  
  57  4:58  SCV  
  61  5:00  SCV  
  61  5:05  Engineering Bay  
  61  5:06  Engineering Bay  
  62  5:07  Marine  
  62  5:08  Marine, SCV  
  62  5:09  Marine  
  62  5:11  Marine, SCV  
  62  5:12  Marine, SCV  
  70  5:14  Refinery  
  70  5:15  Supply Depot  
  70  5:23  Supply Depot  
  70  5:25  SCV  
  70  5:27  SCV  
  70  5:30  Marine x2  
  78  5:40  Bunker  
  78  5:41  Bunker, Terran Infantry Armor Level 1, Terran Infantry Weapons Level 1  
  78  5:43  Marine x2  
  78  5:45  Marine  
  78  5:47  Orbital Command  
  78  5:48  SCV x2  
  83  5:57  Marine x2, Medivac x2  
  83  5:59  Widow Mine x2  
  83  6:00  SCV  
  83  6:02  SCV  
  89  6:04  Barracks  
  89  6:06  Barracks  
  89  6:10  Marine x3, Supply Depot  
  89  6:11  Supply Depot  
  92  6:14  SCV  
  92  6:15  SCV  
  94  6:20  SCV  
  95  6:26  SCV  
  95  6:27  SCV, Supply Depot  
  95  6:28  Marine x3, Supply Depot  
  95  6:29  Armory  
  100  6:33  SCV  
  100  6:34  Marine x2  
  100  6:39  SCV x2  
  105  6:40  Refinery  
  105  6:43  Supply Depot  
  105  6:44  Medivac x2  
  105  6:45  Supply Depot  
  105  6:46  Widow Mine  
  111  6:50  Combat Shields  
  111  6:53  Widow Mine  
  113  6:56  SCV x2  
  113  6:59  Barracks Reactor  
  113  7:00  Barracks Reactor  
  113  7:01  Barracks Tech Lab  
  115  7:03  Marine x3  
  115  7:04  Marine  
  117  7:22  Marine x5  
  115  7:24  SCV x2  
  115  7:29  Factory  
  116  7:32  Siege Tank  
  116  7:33  Marine x2  
  121  7:39  Marine  
  121  7:40  Marine x3, Marauder  
  121  7:41  Marine  
  121  7:42  Marine  
  129  7:45  SCV  
  129  7:46  Terran Infantry Armor Level 2, Terran Infantry Weapons Level 2  
  129  7:48  Supply Depot  
  129  7:49  Supply Depot  
  129  7:51  Marine  
  115  7:52  Marine  
  115  7:57  Marine  
  115  7:58  Barracks  
  114  7:59  Marine x3  
  114  8:00  Marine x2, Barracks  
  114  8:01  Barracks  
  114  8:02  Marauder  
  114  8:05  Siege Tank  
  124  8:12  Marine x2  
  126  8:13  Terran Vehicle Weapons Level 1  
  126  8:14  Factory Tech Lab, Supply Depot x2  
  126  8:15  Marine, Supply Depot  
  126  8:17  Marine x2  
  126  8:18  Unknown x2  
  129  8:23  Marauder  
  129  8:26  Marine x3  
  134  8:29  Marine  
  134  8:30  Marine, Command Center  
  134  8:33  Marine  
  137  8:39  Marine x2  
  138  8:44  Marine x3  
  138  8:47  Marine x2  
  141  8:50  Barracks Tech Lab x2  
  141  8:53  Siege Tank x2  
  141  8:54  Medivac x2  
  148  8:58  Barracks Tech Lab  
  148  9:04  Marine x7  
  154  9:11  Marine x4  
  158  9:22  Marine  
  158  9:23  Marauder  
  158  9:24  Medivac x2  
  134  9:26  Marine x6  
  134  9:28  Marine  
  134  9:29  Marine x3  
  97  9:39  Marine  
  97  9:44  Marine x5  
  97  9:46  Orbital Command  
  97  9:52  Marine x6  
  83  9:54  Unknown  
  83  9:57  Marine  
  83  9:59  SCV  
  78  10:08  SCV  
  78  10:11  SCV  
  80  10:14  SCV  
  80  10:16  Marine  
  80  10:19  Marine x6  
  80  10:20  Marine  
  89  10:28  Marine x4  
  93  10:33  Marine  
  93  10:34  Siege Tank  
  97  10:40  Siege Tank  
  100  10:48  Marine x3  
  100  10:49  Marine x6, Marauder  
  101  11:03  Marine  
  101  11:04  Marauder  
  94  11:06  Marine x4, Siege Tank  
  94  11:07  Marine, Marauder  
  94  11:08  SCV x2  
  94  11:10  Marine x2  
  108  11:13  SCV  
  108  11:14  Planetary Fortress  
  109  11:19  Marine  
  109  11:20  Marine, SCV x2  
  109  11:24  Siege Tank  
  116  11:30  Marine x4  
  91  11:47  Marine x2  
  91  11:48  Marine x5, Siege Tank, Marauder  
  91  11:53  Marine x4  
  107  11:54  SCV  
  107  11:55  SCV  
  109  12:01  Siege Tank  
  109  12:05  Marine x3  
  109  12:06  SCV x3, Marauder  
  120  12:09  Marine, SCV  
  120  12:10  Marine x2  
  124  12:17  Marine  
  124  12:18  Marine x4  
  128  12:23  Marine x3, Siege Tank  
  128  12:27  Marine x2  
  97  13:08  Marine  
  97  13:09  Marine x10, Marauder  
  105  13:15  Siege Tank x2  
  112  13:20  Medivac x2  
  112  13:22  SCV x2  
  112  13:26  Marine x2  
  119  13:28  Marine  
  119  13:29  Marine x8  
  119  13:30  Marine  
  129  13:47  Siege Tank  
  132  13:51  Marine x12  
  132  13:52  Orbital Command  
  143  14:08  Marine  
  143  14:09  Marine x11  
  131  14:17  Siege Tank  
  113  14:26  Marine x2  
  113  14:27  Marine x2  
  84  14:31  Marine  
  84  14:32  Marine  
  66  14:42  Marine x5  
  66  14:44  SCV  
  71  14:46  Marine  
Tags
 
Add a new tag
Caveats
  • Supply blocks, unpowered buildings, or Contaminate may cause inaccurate times.
  • Supply counts are checked every 10 seconds.